 Dungeon Crawl Stone Soup version 0.29.1-14-g9c671dbff4 (webtiles) character file.

Game seed: 7116263185955109033

934 thatguyhowie the Digger (level 8, 0/42 HPs)
             Began as a Gargoyle Earth Elementalist on Feb 18, 2023.
             Slain by an orc warrior
             ... wielding a +0 hand axe
              (9 damage)
             ... on level 6 of the Dungeon on Feb 20, 2023.
             The game lasted 00:47:57 (6348 turns).

thatguyhowie the Digger (GrEE)                      Turns: 6348, Time: 00:47:58

Health: 0/42       AC:  8    Str: 13    XL:     8   Next: 11%
Magic:  1/16       EV: 12    Int: 17    God:
Gold:   223        SH:  0    Dex: 10    Spells: 9/17 levels left

rFire   . . .      SeeInvis .   x - +3 quarterstaff (chaos)
rCold   . . .      Faith    .   (shield currently unavailable)
rNeg    + . .      Spirit   .   q - +0 robe
rPois   ∞          Reflect  .   (no helmet)
rElec   +          Harm     .   y - +0 cloak
rCorr   .          Rampage  .   (no gloves)
Will    .....                   (no boots)
Stlth   ++........              (no amulet)
HPRegen 0.14/turn               (no ring)
MPRegen 0.15/turn               (no ring)

@: no status effects
A: sickness immunity, AC +5, negative energy resistance 1, electricity
resistance, torment resistance 1, petrification resistance
a: no special abilities


You were on level 6 of the Dungeon.
You visited 1 branch of the dungeon, and saw 6 of its levels.

You collected 223 gold pieces.

Inventory:

Hand Weapons
 u - a +0 mace of holy wrath
 x - a +3 quarterstaff of chaos (weapon)
Missiles
 o - 11 poisoned darts
Armour
 p - a scarf of resistance
 q - a +0 robe (worn)
 y - a +0 cloak (worn)
Jewellery
 v - a ring of ice
Wands
 k - a wand of charming (19)
Scrolls
 a - a scroll of noise {unknown}
 c - a scroll of immolation
 d - a scroll of poison {unknown}
 e - 5 scrolls of identify
 f - a scroll of teleportation
 g - 2 scrolls of magic mapping {unknown}
 i - a scroll of fear
 l - a scroll of blinking {unknown}
 n - 4 scrolls of vulnerability
 s - a scroll of torment {unknown}
 w - 2 scrolls of amnesia {unknown}
 A - a scroll of enchant weapon {unknown}
Potions
 b - a potion of magic
 h - a potion of ambrosia {unknown}
 j - a potion of invisibility
 m - 2 potions of curing {unknown}
 r - a potion of brilliance
 t - 3 potions of haste
 z - a potion of mutation {unknown}


   Skills:
 + Level 0.5 Fighting
 + Level 3.0 Dodging
 + Level 3.3 Stealth
 + Level 5.4 Spellcasting
 + Level 1.1 Conjurations
 + Level 1.1 Transmutations
 + Level 7.4 Earth Magic


You had 9 spell levels left.
You knew the following spells:

 Your Spells              Type           Power      Damage    Failure   Level
a - Sandblast             Erth           60%        2d14      1%          1
b - Beastly Appendage     Tmut           16%        N/A       9%          1
c - Magic Dart            Conj           32%        1d4       9%          1
d - Stone Arrow           Conj/Erth      38%        3d9       7%          3
e - Searing Ray           Conj           16%        2d5       13%         2

Your spell library contained the following spells:

 Spells                   Type           Power      Damage    Failure   Level
 Passwall                 Tmut/Erth      15%        N/A       3%          2
 Wereblood                Tmut           8%         N/A       13%         2
 Ensorcelled Hibernation  Hex/Ice        8%         N/A       21%         2
 Petrify                  Tmut/Erth      19%        N/A       22%         4
 Spider Form              Tmut/Pois      6%         N/A       32%         3
 Ignite Poison            Fire/Tmut/Pois 6%         N/A       34%         3
 Mephitic Cloud           Conj/Pois/Air  5%         N/A       34%         3
 Frozen Ramparts          Ice            8%         1d2       38%         3
 Fulminant Prism          Conj/Hex       3%         3d6       71%         4
 Fireball                 Conj/Fire      3%         3d4       96%         5
 Freezing Cloud           Conj/Ice/Air   2%         6-21      97%         5
 Polar Vortex             Ice            2%         N/A       100%        9


Dungeon Overview and Level Annotations

Branches:
Dungeon (6/15)             Temple (0/1) D:4

Altars:
Dithmenos


Innate Abilities, Weirdness & Mutations

You are immune to sickness and miasma.
Your stone body is resilient. (AC +5)
You are immune to poison.
You resist negative energy. (rN+)
You are resistant to electric shocks. (rElec)
You are resistant to unholy torment.
You are immune to petrification.


Message History

The orc is almost dead. (Press . to maintain the ray.)
The orc warrior hits you but does no damage.
The searing ray hits the orc warrior.
The orc warrior is moderately wounded.
The searing ray hits the orc!
You kill the orc!
The searing ray hits the orc.
You kill the orc!
The orc warrior hits you with a +0 hand axe!
The searing ray hits the orc warrior.
The orc warrior is heavily wounded.
The orc warrior hits you with a +0 hand axe!
Aiming: Sandblast (safe; 1% risk of failure)
Press: ? - help, Q - select action, (/) - cycle Shift-Dir - straight line, f - orc warrior
Aim: an orc warrior, wielding a +0 hand axe and wearing a +0 plate armour (heavily wounded, 84% to hit)
The blast of sand hits the orc warrior but does no damage.
The orc warrior is heavily wounded.
The orc warrior hits you with a +0 hand axe!
* * * LOW HITPOINT WARNING * * *
Aiming: Sandblast (safe; 1% risk of failure)
Press: ? - help, Q - select action, (/) - cycle Shift-Dir - straight line, f/p - orc warrior
Aim: an orc warrior, wielding a +0 hand axe and wearing a +0 plate armour (heavily wounded, 84% to hit)
The blast of sand hits the orc warrior but does no damage.
The orc warrior is heavily wounded.
The orc warrior barely misses you. x2
Aiming: Sandblast (safe; 1% risk of failure)
Press: ? - help, Q - select action, (/) - cycle Shift-Dir - straight line, f/p - orc warrior
Aim: an orc warrior, wielding a +0 hand axe and wearing a +0 plate armour (heavily wounded, 84% to hit)
The blast of sand hits the orc warrior but does no damage.
The orc warrior is heavily wounded.
The orc warrior barely misses you.
Aiming: Sandblast (safe; 1% risk of failure)
Press: ? - help, Q - select action, (/) - cycle Shift-Dir - straight line, f/p - orc warrior
Aim: an orc warrior, wielding a +0 hand axe and wearing a +0 plate armour (heavily wounded, 84% to hit)
The blast of sand hits the orc warrior.
The orc warrior is heavily wounded.
The orc warrior closely misses you.
The orc warrior hits you with a +0 hand axe!
You die... ############### #<.....@o)))... #############..

You could see an orc warrior.

Vanquished Creatures
  An ogre (D:4)
  A necrophage (D:4)
  2 scorpions (D:4)
  A howler monkey (D:4)
  3 hounds
  A jelly (D:4)
  4 orc priests
  Crazy Yiuf (D:3)
  3 orc wizards
  6 gnolls (D:4)
  7 adders
  A shadow imp (D:5)
  2 ufetubi
  A worm (D:3)
  3 dart slugs
  24 orcs
  8 ball pythons
  8 endoplasms
  3 giant cockroaches
  8 goblins
  9 hobgoblins
  12 jackals
  4 quokkas
  6 bats
  4 frilled lizards
  9 kobolds
  3 rats
135 creatures vanquished.

Notes
Turn   | Place    | Note
-------+----------+-------------------------------------------
     0 | D:1      | thatguyhowie the Gargoyle Earth Elementalist began the
                  | quest for the Orb.
     0 | D:1      | Reached XP level 1. HP: 10/10 MP: 3/3
   396 | D:1      | Reached XP level 2. HP: 15/15 MP: 3/5
  1293 | D:2      | Reached skill level 4 in Earth Magic
  1293 | D:2      | Reached XP level 3. HP: 19/19 MP: 4/6
  1364 | D:2      | Learned a level 1 spell: Beastly Appendage
  1366 | D:2      | Learned a level 1 spell: Magic Dart
  1403 | D:2      | Found a faded altar of an unknown god.
  1406 | D:2      | Reached XP level 4. HP: 24/24 MP: 6/8
  1769 | D:2      | Reached XP level 5. HP: 20/28 MP: 0/9
  2068 | D:2      | Reached skill level 5 in Earth Magic
  2111 | D:2      | Got the Tome of Forceful Cold
  2280 | D:2      | Learned a level 3 spell: Stone Arrow
  2283 | D:2      | Learned a level 2 spell: Searing Ray
  2838 | D:4      | Reached skill level 1 in Transmutations
  3041 | D:4      | Reached skill level 1 in Conjurations
  3041 | D:4      | Reached XP level 6. HP: 32/32 MP: 8/11
  3988 | D:3      | Found a runed translucent door.
  3989 | D:3      | Noticed Crazy Yiuf
  4003 | D:3      | Killed Crazy Yiuf
  4004 | D:3      | Reached skill level 6 in Earth Magic
  4314 | D:4      | Reached XP level 7. HP: 13/37 MP: 10/13
  4719 | D:4      | Found a staircase to the Ecumenical Temple.
  4742 | D:4      | Found a shadowy altar of Dithmenos.
  5238 | D:4      | Reached skill level 5 in Spellcasting
  5493 | D:5      | Entered Level 5 of the Dungeon
  5517 | D:4      | Reached skill level 7 in Earth Magic
  6061 | D:5      | Reached XP level 8. HP: 42/42 MP: 13/16
  6079 | D:5      | Noticed a two-headed ogre
  6348 | D:6      | Slain by an orc warrior

Illustrated notes

Levels and vault maps discovered:
D:1:      spicycebolla_arrival_xxxplode, layout_loops_corners
D:2:      layout_basic, chequers_ecumenical_altar_island,
          minmay_increasing_density
D:3:      layout_loops_corners, uniq_crazy_yiuf_cottage
D:4:      layout_loops_corners, kennysheep_mini, minmay_temple_entry_waves,
          serial_park_tiny_pond, minmay_puff
D:5:      layout_layer_cave, tso_altar, marbit_many_paths, minmay_circle_x
D:6:      kennysheep_spiral_hall, layout_basic, kennysheep_flooded_box

Skill      XL: |  1  2  3  4  5  6  7  8 |
---------------+-------------------------+-----
Earth Magic    | 4 5 6 7 |  7.4
Dodging        | 2 3 |  3.0
Spellcasting   | 3 4 5 |  5.4
Transmutations | 1 |  1.1
Conjurations   | 1 |  1.1
Stealth        | 3 |  3.3
Fighting       | |  0.5

Action                   |  1- 3 |  4- 6 |  7- 9 || total
-------------------------+-------+-------+-------++-------
Melee: Unarmed           |     6 |     2 |       ||     8
       Quarterstaff      |       |     3 |     1 ||     4
 Cast: Sandblast         |    27 |    98 |    73 ||   198
       Beastly Appendage |       |     6 |     2 ||     8
       Magic Dart        |       |     9 |    16 ||    25
       Searing Ray       |       |     2 |     5 ||     7
  Use: Potion            |       |     3 |       ||     3
       Scroll            |       |     1 |     7 ||     8
Armor: Robe              |     3 |    20 |    28 ||    51
Dodge: Dodged            |    13 |    41 |    63 ||   117
